TOP OF THE 1ST |
Marquette Miners batting - Pitching for Belvedere Park Rawhides : LHP Jesús López
|
Pitching: LHP Jesús López
|
|
Batting: LHB José Ortega
|
0-0: Ball 1-0: Ball 2-0: Called Strike 2-1: Foul Ball, location: 2F 2-2: Strikes out swinging
|
Batting: RHB Gerald Clark
|
0-0: Ground out 6-3 (Groundball, 6)
|
Batting: RHB Pil-joong Pak
|
0-0: Ball 1-0: SINGLE (Line Drive, 5)
|
Batting: RHB Howard Kelly
|
0-0: Ball 1-0: Ball 2-0: Called Strike 2-1: Called Strike 2-2: Strikes out swinging
|
Top of the 1st over - 0 run(s), 1 hit(s), 0 error(s), 1 left on base; Marquette 0 - Belvedere Park 0 |
BOTTOM OF THE 1ST |
Belvedere Park Rawhides batting - Pitching for Marquette Miners : RHP Ed Stark
|
Pitching: RHP Ed Stark
|
|
Batting: RHB Ralph McKnight
|
0-0: Ball 1-0: Foul Ball, location: 2F 1-1: Foul Ball, location: 2F 1-2: Ball 2-2: Ball 3-2: Fly out, F8 (Flyball, 8LS)
|
Batting: RHB Pedro Jiménez
|
0-0: Ball 1-0: Ball 2-0: Ball 3-0: Base on Balls
|
Batting: RHB Bob Sargent
|
0-0: Ball 1-0: Ball 2-0: DOUBLE (Groundball, 5L) Pedro Jiménez to third Runner from 3rd tries for Home, SAFE, no throw or cutoff
|
Batting: LHB Christian Blair
|
0-0: Foul Ball, location: 2F 0-1: Called Strike 0-2: Fly out, F7 (Flyball, 78M)
|
Batting: SHB Ron Bunch
|
0-0: Ball 1-0: Ball 2-0: Ball 3-0: Called Strike 3-1: Swinging Strike 3-2: Fly out, F7 (Flyball, 7S)
|
Bottom of the 1st over - 1 run(s), 1 hit(s), 0 error(s), 1 left on base; Marquette 0 - Belvedere Park 1 |
TOP OF THE 2ND |
Marquette Miners batting - Pitching for Belvedere Park Rawhides : LHP Jesús López
|
Batting: RHB Francis Kelly
|
0-0: Called Strike 0-1: Foul Ball, location: 2F 0-2: Ball 1-2: Foul Ball, location: 2F 1-2: Ground out 6-3 (Groundball, 6)
|
Batting: RHB Pedro Pérez
|
0-0: Ground out 5-3 (Groundball, 5S)
|
Batting: RHB Adrian Hale
|
0-0: Ground out 5-3 (Groundball, 5L)
|
Top of the 2nd over - 0 run(s), 0 hit(s), 0 error(s), 0 left on base; Marquette 0 - Belvedere Park 1 |
BOTTOM OF THE 2ND |
Belvedere Park Rawhides batting - Pitching for Marquette Miners : RHP Ed Stark
|
Batting: LHB Dinis Marcha
|
0-0: Called Strike 0-1: Foul Ball, location: 2F 0-2: Strikes out swinging
|
Batting: RHB Michael Taylor
|
0-0: Fly out, F9 (Flyball, 89M)
|
Batting: SHB Ryan Cook
|
0-0: Called Strike 0-1: SINGLE (Line Drive, 4D)
|
Batting: SHB Javier Valle
|
0-0: Swinging Strike 0-1: Foul Ball, location: 2F 0-2: Ball 1-2: SINGLE (Groundball, 15) (infield hit) Ryan Cook to second
|
Batting: RHB Ralph McKnight
|
0-0: Ball 1-0: Foul Ball, location: 2F 1-1: Foul Ball, location: 2F 1-2: Ground out 5-3 (Groundball, 5S)
|
Bottom of the 2nd over - 0 run(s), 2 hit(s), 0 error(s), 2 left on base; Marquette 0 - Belvedere Park 1 |
TOP OF THE 3RD |
Marquette Miners batting - Pitching for Belvedere Park Rawhides : LHP Jesús López
|
Batting: RHB Félix De La Hoya
|
0-0: Fly out, F4 (Popup, 34D)
|
Batting: RHB Alfredo Martínez
|
0-0: Ball 1-0: Ball 2-0: DOUBLE (Line Drive, 78XD)
|
Batting: LHB José Ortega
|
0-0: Ball 1-0: Swinging Strike 1-1: Ball 2-1: Swinging Strike 2-2: Foul Ball, location: 2F 2-2: Strikes out swinging
|
Batting: RHB Gerald Clark
|
0-0: Called Strike 0-1: Swinging Strike 0-2: Foul Ball, location: 2F 0-2: Ball 1-2: Ball 2-2: Ground out 6-3 (Groundball, 6)
|
Top of the 3rd over - 0 run(s), 1 hit(s), 0 error(s), 1 left on base; Marquette 0 - Belvedere Park 1 |
BOTTOM OF THE 3RD |
Belvedere Park Rawhides batting - Pitching for Marquette Miners : RHP Ed Stark
|
Batting: RHB Pedro Jiménez
|
0-0: Ball 1-0: Foul Ball, location: 2F 1-1: Foul Ball, location: 2F 1-2: Strikes out swinging
|
Batting: RHB Bob Sargent
|
0-0: SINGLE (Groundball, 13) (infield hit)
|
Batting: LHB Christian Blair
|
0-0: Called Strike 0-1: Ball 1-1: Called Strike 1-2: Ball 2-2: Reached on error, E4 (Groundball, 4M) Bob Sargent to third
|
Batting: SHB Ron Bunch
|
0-0: Ground out 5-3 (Groundball, 15S) Bob Sargent scores Christian Blair to third
|
Batting: LHB Dinis Marcha
|
0-0: Ball 1-0: Ball 2-0: Swinging Strike 2-1: Foul Ball, location: 2F 2-2: Foul Ball, location: 2F 2-2: Ball 3-2: Ground out U3 (Groundball, 3)
|
Bottom of the 3rd over - 1 run(s), 1 hit(s), 1 error(s), 1 left on base; Marquette 0 - Belvedere Park 2 |
TOP OF THE 4TH |
Marquette Miners batting - Pitching for Belvedere Park Rawhides : LHP Jesús López
|
Batting: RHB Pil-joong Pak
|
0-0: Called Strike 0-1: SINGLE (Line Drive, 9LS)
|
Batting: RHB Howard Kelly
|
0-0: Ball Pil-joong Pak steals 2nd base 1-0: Swinging Strike 1-1: Ball 2-1: SINGLE (Line Drive, 56) Pil-joong Pak to third Runner from 3rd tries for Home, SAFE, no throw or cutoff
|
Batting: RHB Francis Kelly
|
0-0: SINGLE (Groundball, 3D) Howard Kelly to second Runner from 2nd tries for 3rd, SAFE, throw made to third
|
Batting: RHB Pedro Pérez
|
0-0: Grounds into double play, 6-4-3 (Groundball, 6) Howard Kelly scores
|
Batting: RHB Adrian Hale
|
0-0: Called Strike 0-1: Ball 1-1: Swinging Strike 1-2: Ground out 5-3 (Groundball, 56)
|
Top of the 4th over - 2 run(s), 3 hit(s), 0 error(s), 0 left on base; Marquette 2 - Belvedere Park 2 |
BOTTOM OF THE 4TH |
Belvedere Park Rawhides batting - Pitching for Marquette Miners : RHP Ed Stark
|
Batting: RHB Michael Taylor
|
0-0: Foul Ball, location: 2F 0-1: Ball 1-1: Called Strike 1-2: Ball 2-2: Foul Ball, location: 2F 2-2: Strikes out swinging
|
Batting: SHB Ryan Cook
|
0-0: Called Strike 0-1: Ball 1-1: Ball 2-1: Bunted foul 2-2: Fly out, F7 (Line Drive, 7S)
|
Batting: SHB Javier Valle
|
0-0: Ball 1-0: Called Strike 1-1: Foul Ball, location: 2F 1-2: Strikes out swinging
|
Bottom of the 4th over - 0 run(s), 0 hit(s), 0 error(s), 0 left on base; Marquette 2 - Belvedere Park 2 |
TOP OF THE 5TH |
Marquette Miners batting - Pitching for Belvedere Park Rawhides : LHP Jesús López
|
Batting: RHB Félix De La Hoya
|
0-0: Fly out, F3 (Popup, 3S)
|
Batting: RHB Alfredo Martínez
|
0-0: Called Strike 0-1: Ball 1-1: Ball 2-1: Ball 3-1: Foul Ball, location: 2F 3-2: Base on Balls
|
Batting: LHB José Ortega
|
0-0: Ball 1-0: Ball 2-0: Foul Ball, location: 2F 2-1: Ball 3-1: Foul Ball, location: 2F 3-2: Strikes out swinging
|
Batting: RHB Gerald Clark
|
0-0: Ball 1-0: Foul Ball, location: 2F Pickoff Throw to First - Out!
|
Top of the 5th over - 0 run(s), 0 hit(s), 0 error(s), 0 left on base; Marquette 2 - Belvedere Park 2 |
BOTTOM OF THE 5TH |
Belvedere Park Rawhides batting - Pitching for Marquette Miners : RHP Ed Stark
|
Batting: RHB Ralph McKnight
|
0-0: Ball 1-0: Ball 2-0: Foul Ball, location: 2F 2-1: Ball 3-1: Base on Balls
|
Batting: RHB Pedro Jiménez
|
0-0: Sac Bunt - play at first, batter OUT! 1-4 Ralph McKnight to second
|
Batting: RHB Bob Sargent
|
0-0: Foul Ball, location: 2F 0-1: Called Strike 0-2: Ground out 2-3 (Groundball, 23) Ralph McKnight to third
|
Batting: LHB Christian Blair
|
0-0: Ball 1-0: Ball 2-0: Foul Ball, location: 2F 2-1: Ball 3-1: Base on Balls
|
Batting: SHB Ron Bunch
|
0-0: Ball 1-0: Ball 2-0: Called Strike 2-1: Called Strike 2-2: Strikes out swinging
|
Bottom of the 5th over - 0 run(s), 0 hit(s), 0 error(s), 2 left on base; Marquette 2 - Belvedere Park 2 |
TOP OF THE 6TH |
Marquette Miners batting - Pitching for Belvedere Park Rawhides : LHP Jesús López
|
Batting: RHB Gerald Clark
|
0-0: Called Strike 0-1: Ball 1-1: Ball 2-1: Fly out, F7 (Flyball, 7M)
|
Batting: RHB Pil-joong Pak
|
0-0: Ball 1-0: Foul Ball, location: 2F 1-1: Foul Ball, location: 2F 1-2: SINGLE (Line Drive, 78M)
|
Batting: RHB Howard Kelly
|
0-0: Foul Ball, location: 2F 0-1: Ball 1-1: Ball 2-1: Ball 3-1: Base on Balls Pil-joong Pak to second
|
Batting: RHB Francis Kelly
|
0-0: Foul Ball, location: 2F 0-1: Ball 1-1: Swinging Strike 1-2: Foul Ball, location: 2F 1-2: Ball 2-2: Ball 3-2: Foul Ball, location: 2F 3-2: Strikes out looking
|
Batting: RHB Pedro Pérez
|
0-0: Called Strike 0-1: Called Strike 0-2: Fielders Choice at 2nd, U6 (Groundball, 6M)
|
Top of the 6th over - 0 run(s), 1 hit(s), 0 error(s), 2 left on base; Marquette 2 - Belvedere Park 2 |
BOTTOM OF THE 6TH |
Belvedere Park Rawhides batting - Pitching for Marquette Miners : RHP Ed Stark
|
Batting: LHB Dinis Marcha
|
0-0: Ball 1-0: Ground out 4-3 (Groundball, 4)
|
Batting: RHB Michael Taylor
|
0-0: Called Strike 0-1: SINGLE (Line Drive, 6MD)
|
Batting: SHB Ryan Cook
|
0-0: Ball 1-0: Foul Ball, location: 2F 1-1: Fly out, F5 (Popup, 5F)
|
Batting: SHB Javier Valle
|
0-0: Ground out 4-3 (Groundball, 4)
|
Bottom of the 6th over - 0 run(s), 1 hit(s), 0 error(s), 1 left on base; Marquette 2 - Belvedere Park 2 |
TOP OF THE 7TH |
Marquette Miners batting - Pitching for Belvedere Park Rawhides : LHP Jesús López
|
Batting: RHB Adrian Hale
|
0-0: Called Strike 0-1: Ball 1-1: Called Strike 1-2: Ball 2-2: Ground out 4-3 (Groundball, 4)
|
Pinch Hitting: LHB Jorge Flores
|
0-0: Ball 1-0: Swinging Strike 1-1: SINGLE (Line Drive, 6M)
|
Pitching: RHP Timothy Jackson
|
|
Batting: RHB Alfredo Martínez
|
0-0: Ground out 1-3 (Groundball, 2R) Jorge Flores to second
|
Batting: LHB José Ortega
|
0-0: Ball 1-0: Swinging Strike 1-1: Ball 2-1: Swinging Strike 2-2: Ball 3-2: Fly out, F3 (Line Drive, 3L)
|
Top of the 7th over - 0 run(s), 1 hit(s), 0 error(s), 1 left on base; Marquette 2 - Belvedere Park 2 |
BOTTOM OF THE 7TH |
Belvedere Park Rawhides batting - Pitching for Marquette Miners : RHP Ed Stark
|
Now at SS: Tim Burnett
|
|
Pinch Hitting: RHB Carlos Vela
|
0-0: Ball 1-0: Ball 2-0: Called Strike 2-1: Fly out, F8 (Flyball, 8RXD)
|
Batting: RHB Pedro Jiménez
|
0-0: Ball 1-0: Called Strike 1-1: Called Strike 1-2: Foul Ball, location: 2F 1-2: Fly out, F4 (Popup, 4D)
|
Batting: RHB Bob Sargent
|
0-0: Called Strike 0-1: Fly out, F7 (Line Drive, 78XD)
|
Bottom of the 7th over - 0 run(s), 0 hit(s), 0 error(s), 0 left on base; Marquette 2 - Belvedere Park 2 |
TOP OF THE 8TH |
Marquette Miners batting - Pitching for Belvedere Park Rawhides : RHP Timothy Jackson
|
Now in LF: Carlos Vela
|
|
Batting: RHB Gerald Clark
|
0-0: Ball 1-0: Ball 2-0: Ball 3-0: Called Strike 3-1: SINGLE (Line Drive, 7LS)
|
Batting: RHB Pil-joong Pak
|
0-0: Ball 1-0: Ball Wild Pitch! Gerald Clark to second 2-0: Intentional Walk
|
Pinch Hitting: LHB Jim Unknown
|
0-0: Ball 1-0: Called Strike 1-1: Ball 2-1: Fly out, F5 (Popup, 5SF)
|
Batting: RHB Francis Kelly
|
0-0: Foul Ball, location: 2F 0-1: DOUBLE (Line Drive, 89M) Gerald Clark scores Pil-joong Pak to third Runner from 3rd tries for Home, throw and OUT! Runner from 2nd tries for 3rd, throw and SAFE!
|
Batting: RHB Pedro Pérez
|
0-0: Called Strike 0-1: Ground out 6-3 (Groundball, 6)
|
Top of the 8th over - 1 run(s), 2 hit(s), 0 error(s), 1 left on base; Marquette 3 - Belvedere Park 2 |
BOTTOM OF THE 8TH |
Belvedere Park Rawhides batting - Pitching for Marquette Miners : RHP Ed Stark
|
Now at 1B: Jim Unknown
|
|
Now in RF: Jack Burton
|
|
Batting: LHB Christian Blair
|
0-0: Called Strike 0-1: Foul Ball, location: 2F 0-2: Ball 1-2: Ball 2-2: Foul Ball, location: 2F 2-2: Ball 3-2: Foul Ball, location: 2F 3-2: DOUBLE (Line Drive, 5D)
|
Pitching: RHP Ramiro Flores
|
|
Batting: SHB Ron Bunch
|
0-0: Ball 1-0: Fly out, F7 (Flyball, 7S)
|
Pitching: LHP Jorge Ayala
|
|
Batting: LHB Dinis Marcha
|
0-0: Ball 1-0: Ball 2-0: Foul Ball, location: 2F 2-1: Called Strike 2-2: Foul Ball, location: 2F 2-2: Ball 3-2: Ground out 1-3 (Groundball, 13) Christian Blair to third
|
Pitching: RHP Elvin Glass
|
|
Pinch Hitting: RHB Tom Strickland
|
0-0: Foul Ball, location: 2F 0-1: Ground out 6-3 (Groundball, 6)
|
Bottom of the 8th over - 0 run(s), 1 hit(s), 0 error(s), 1 left on base; Marquette 3 - Belvedere Park 2 |
TOP OF THE 9TH |
Marquette Miners batting - Pitching for Belvedere Park Rawhides : RHP Timothy Jackson
|
Now in RF: Juan Barbán
|
|
Batting: RHB Adrian Hale
|
0-0: Fly out, F7 (Flyball, 7M)
|
Batting: RHB Tim Burnett
|
0-0: Swinging Strike 0-1: Ball 1-1: Ball 2-1: Foul Ball, location: 2F 2-2: Ball 3-2: Strikes out looking
|
Batting: RHB Jack Burton
|
0-0: Swinging Strike 0-1: Called Strike 0-2: Strikes out swinging
|
Top of the 9th over - 0 run(s), 0 hit(s), 0 error(s), 0 left on base; Marquette 3 - Belvedere Park 2 |
BOTTOM OF THE 9TH |
Belvedere Park Rawhides batting - Pitching for Marquette Miners : RHP Elvin Glass
|
Pitching: RHP Mike Bentley
|
|
Pinch Hitting: RHB Travis Brumback
|
0-0: Ball 1-0: Swinging Strike 1-1: Ground out 6-3 (Groundball, 6)
|
Batting: SHB Javier Valle
|
0-0: Called Strike 0-1: Foul Ball, location: 2F 0-2: Foul Ball, location: 2F 0-2: Strikes out swinging
|
Batting: RHB Carlos Vela
|
0-0: Ball 1-0: Ball 2-0: Swinging Strike 2-1: Fly out, F9 (Flyball, 89M)
|
Bottom of the 9th over - 0 run(s), 0 hit(s), 0 error(s), 0 left on base; Marquette 3 - Belvedere Park 2 |
|